 Dungeon Crawl Stone Soup version 0.22-a0-135-g6f012ad (webtiles) character file.

422 KristoblXynda the Magician (level 6, -2/51 HPs)
             Began as a Minotaur Wizard on Feb 1, 2018.
             Killed from afar by Xoff's ghost (8 damage)
             ... with a magic dart
             ... on level 3 of the Dungeon.
             The game lasted 00:08:33 (4471 turns).

KristoblXynda the Magician (Minotaur Wizard)        Turns: 4471, Time: 00:08:34

Health: -2/51      AC:  2    Str: 12    XL:     6   Next: 63%
Magic:  10/10      EV: 12    Int: 17    God:
Gold:   148        SH:  0    Dex:  8    Spells: 8/12 levels left

rFire    . . .     SeeInvis .   m - +1 flail (venom)
rCold    . . .     Gourm    .   (no shield)
rNeg     . . .     Faith    .   a - +0 robe
rPois    .         Spirit   .   b - +0 hat
rElec    .         Reflect  .   (no cloak)
rCorr    .         Harm     .   (no gloves)
MR       .....                  (no boots)
Stlth    +.........             (no amulet)
HPRegen  0.17/turn              (no ring)
MPRegen  0.12/turn              (no ring)

@: no status effects
A: retaliatory headbutt, horns 2
a: no special abilities


You were on level 3 of the Dungeon.
You were not hungry.

You visited 1 branch of the dungeon, and saw 3 of its levels.

You collected 148 gold pieces.

Inventory:

Hand Weapons
 m - a +1 flail of venom (weapon)
 o - a +2 long sword of slicing
Missiles
 f - 7 tomahawks of dispersal (quivered)
Armour
 a - a +0 robe (worn)
 b - a +0 hat (worn)
Wands
 n - a wand of paralysis (6)
Scrolls
 e - a scroll of magic mapping
 h - a scroll of remove curse
 l - a scroll of teleportation {unknown}
Potions
 g - a potion of ambrosia
 i - a potion of magic {unknown}
 j - 2 potions of curing
 p - a potion of invisibility
 r - a potion of haste {unknown}
Books
 c - a book of Minor Magic

   Spells                             Type                      Level
   a - Magic Dart                     Conjuration                  1
   b - Blink                          Translocation                2
   c - Call Imp                       Summoning                    2
   d - Slow                           Hexes                        2
   e - Conjure Flame                  Conjuration/Fire             3
   f - Mephitic Cloud                 Conjuration/Poison/Air       3
 q - a book of Misfortune

   Spells                             Type                      Level
   a - Confusing Touch                Hexes                        1
   b - Confuse                        Hexes                        3
   c - Gell's Gravitas                Translocation                3
   d - Petrify                        Transmutation/Earth          4
   e - Metabolic Englaciation         Hexes/Ice                    5
   f - Yara's Violent Unravelling     Hexes/Transmutation          5
Comestibles
 d - 4 rations
 s - 5 chunks of flesh


   Skills:
 + Level 3.4 Fighting
 - Level 2.1 Dodging
 - Level 1.5 Stealth
 * Level 3.7 Spellcasting
 * Level 3.2 Conjurations
   Level 0.6 Summonings
   Level 0.6 Translocations


You had 8 spell levels left.
You knew the following spells:

 Your Spells              Type           Power        Failure   Level  Hunger
a - Magic Dart            Conj           ##..         4%          1    None
b - Mephitic Cloud        Conj/Pois/Air  #.......     30%         3    ###....


Dungeon Overview and Level Annotations

Branches:
Dungeon (3/15)

Altars:
Nemelex Xobeh
Zin
The Shining One

Annotations:
D:3 Ijyb; Xoff's ghost, amateur OpWz


Innate Abilities, Weirdness & Mutations

You reflexively headbutt those who attack you in melee.
You have a pair of horns on your head.


Message History

Items here: ))) [ ÷ a mace; a short sword; a dagger; a robe; an orc skeleton There isn't anything to butcher here.
You start resting.
Eating one of 6 chunks of flesh.
You eat one of the 6 chunks of flesh.
This raw flesh tastes terrible.
Xoff's ghost is nearby!
Xoff's ghost is nearby!
Xoff's ghost turns its malevolent gaze towards you.
Xoff's ghost stares at you and mumbles some strange words.
The magic dart hits you!
* * * LOW HITPOINT WARNING * * *
As you read the scroll labeled WEATETH TUETH, it crumbles to dust.
The scroll dissolves into smoke.
It was a scroll of fog.
Xoff's ghost casts a spell at you. The magic dart hits you!
* * * LOW HITPOINT WARNING * * *
Xoff's ghost casts a spell at you. The magic dart hits you!
You die...

#.###.####### #..§§#####.#
*,* # #.**#.#* #.####
#.#**,**# *,,,...* #.#
#.#,,,,,* *****..* #W#
#W#,,,,,* **,* #.#
#.#,,,,,* *,* #.# #.#,,,,,*
*,* #.# #.#,,,,,* *,*
#.########.#,,,,,*
*,******##@#....W)..#,,,,,*
*,,..>..........#####,,,,,*
***############.# ***,***
#o# *,* #.# *,* **#.#**
*,**# *,...,* *,,,,
*,#.#,*****,,,,
*,#..,,,,**,***


You could see Xoff's ghost.

Vanquished Creatures
  Sigmund (D:2)
  Jessica (D:3)
  An orc wizard (D:3)
  Terence (D:2)
  Robin (D:2)
  3 gnolls
  4 adders
  An ooze (D:3)
  A worm (D:2)
  4 dart slugs
  3 leopard geckos
  8 orcs (D:3)
  6 bats
  4 giant cockroaches
  11 goblins
  10 hobgoblins
  5 jackals
  7 kobolds
  A quokka (D:2)
  A ball python (D:2)
  A frilled lizard (D:2)
  4 rats
79 creatures vanquished.

Vanquished Creatures (collateral kills)
  A hobgoblin (D:2)
1 creature vanquished.

Grand Total: 80 creatures vanquished

Notes
Turn   | Place    | Note
-------+----------+-------------------------------------------
     0 | D:1      | KristoblXynda the Minotaur Wizard began the quest for the Orb.
     0 | D:1      | Reached XP level 1. HP: 14/14 MP: 2/2
   412 | D:1      | Reached skill level 1 in Conjurations
   450 | D:1      | Reached XP level 2. HP: 9/22 MP: 4/4
   729 | D:1      | Reached skill level 1 in Fighting
  1240 | D:2      | Reached XP level 3. HP: 26/28 MP: 0/5
  1261 | D:2      | Learned a level 3 spell: Mephitic Cloud
  1615 | D:2      | Noticed Sigmund
  1751 | D:2      | Killed Sigmund
  1751 | D:2      | Reached XP level 4. HP: 24/37 MP: 3/7
  1751 | D:2      | Reached XP level 5. HP: 28/42 MP: 3/8
  2526 | D:2      | Noticed Robin
  2695 | D:2      | Noticed Terence
  2719 | D:2      | Killed Terence
  2719 | D:2      | Reached XP level 6. HP: 51/51 MP: 1/10
  3009 | D:2      | Found a glowing golden altar of the Shining One.
  3106 | D:2      | Killed Robin
  3518 | D:3      | Noticed Ijyb
  3518 | D:3      | Noticed Xoff's ghost (amateur OpWz)
  3905 | D:3      | Found a glowing silver altar of Zin.
  4046 | D:3      | Found a sparkling altar of Nemelex Xobeh.
  4046 | D:3      | Noticed Jessica
  4048 | D:3      | Killed Jessica
  4471 | D:3      | Killed from afar by Xoff's ghost

Vault maps used:
D:1:      minmay_arrival_five_plusses
D:2:      nicolae_tso_swordbearing_angel, hangedman_abyss_or_decor_stabs,
          kennysheep_generic_room_16, uniq_terence, uniq_robin, uniq_sigmund
D:3:      lemuel_zombie_altar_yredelemnul, kennysheep_vampire_church,
          zin_statuary, st_stairs_11, nemelex_lonely_heart_becter, uniq_ijyb

Skill      XL: |  1  2  3  4  5  6 |
---------------+-------------------+-----
Conjurations   | 1 2 3 |  3.2
Fighting       | 1 2 3 |  3.4
Spellcasting   | 3 |  3.7
Dodging        | |  2.1
Stealth        | |  1.5
Summonings     | |  0.6
Translocations | |  0.6

Action                   |  1- 3 |  4- 6 || total
-------------------------+-------+-------++-------
Melee: Dagger            |    48 |     1 ||    49
       Headbutt          |     9 |    10 ||    19
       Club              |     1 |    19 ||    20
       Unarmed           |     1 |       ||     1
       Scythe            |       |     6 ||     6
       Flail             |       |    91 ||    91
Throw: Tomahawk          |     1 |       ||     1
 Cast: Magic Dart        |    37 |    47 ||    84
       Mephitic Cloud    |       |     1 ||     1
  Use: Potion            |     4 |     1 ||     5
       Scroll            |       |     8 ||     8
 Stab: Sleeping          |     1 |       ||     1
  Eat: Chunk             |     3 |     6 ||     9
       Ration            |       |     1 ||     1
Armor: Robe              |    14 |    21 ||    35
Dodge: Dodged            |    65 |    85 ||   150

Table legend:
 A = Spawn XP
 B = Non-spawn XP
 C = Spawn XP percentage of total XP
 D = Spawn monster count
 E = Non-spawn monster count
 F = Spawn count percentage of total count
 G = Total turns spent on level
                    A         B        C        D         E        F      G
               +---------+---------+-------+---------+---------+-------+---------
         Total |       0 |     604 |   0.0 |       0 |      80 |   0.0 |  4471
               +---------+---------+-------+---------+---------+-------+---------
           D:1 |       0 |      60 |   0.0 |       0 |      24 |   0.0 |  1846
           D:2 |       0 |     397 |   0.0 |       0 |      33 |   0.0 |  1677
           D:3 |       0 |     147 |   0.0 |       0 |      23 |   0.0 |   948
               +---------+---------+-------+---------+---------+-------+---------
